 Dungeon Crawl Stone Soup version 0.24-a0-520-g8fd06ad0bc (webtiles) character file.

Game seed: 8869342074812787597

20360 Froggeryz the Severer (level 12, -4/162 HPs)
             Began as a Minotaur Berserker on July 24, 2019.
             Was a High Priest of Trog.
             Slain by a yak (12 damage)
             ... on level 3 of the Lair of Beasts.
             The game lasted 00:26:54 (12190 turns).

Froggeryz the Severer (Minotaur Berserker)         Turns: 12190, Time: 00:26:55

Health: -4/162     AC:  5    Str: 31    XL:     12   Next: 44%
Magic:  0/11       EV: 12    Int:  4    God:    Trog [*****.]
Gold:   809        SH:  0    Dex: 14    Spells: 11/11 levels left

rFire    . . .     SeeInvis .   O - +1 battleaxe (venom)
rCold    . . .     Gourm    .   (shield currently unavailable)
rNeg     + . .     Faith    .   b - +1 animal skin
rPois    .         Spirit   +   (helmet restricted)
rElec    .         Reflect  .   h - scarf {Spirit}
rCorr    .         Harm     .   y - +0 pair of gloves {Str+3}
MR       .....                  (no boots)
Stlth    ..........             w - amulet of regeneration
HPRegen  0.77/turn              r - ring of positive energy
MPRegen  0.12/turn              i - ring of flight

@: berserking, lethally poisoned (-4 -> -4), very quick
A: retaliatory headbutt, horns 2
a: Berserk, Trog's Hand, Brothers in Arms, Renounce Religion, Evoke Flight


You were on level 3 of the Lair of Beasts.
You worshipped Trog.
Trog was extremely pleased with you.
You were near starving.

You visited 2 branches of the dungeon, and saw 14 of its levels.

You collected 809 gold pieces.

Inventory:

Hand Weapons
 J - a +0 war axe of chopping
 O - a +1 battleaxe of venom (weapon)
 Q - a +0 scimitar of flaming
Missiles
 g - a throwing net
 j - 14 boomerangs (quivered)
Armour
 b - a +1 animal skin (worn)
 h - a scarf of spirit shield (worn)
 y - a +0 pair of gloves of strength (worn)
Jewellery
 a - an uncursed ring of fire
 i - a ring of flight (right hand)
 r - a ring of positive energy (left hand)
 w - an amulet of regeneration (around neck)
Wands
 x - a wand of enslavement (3)
 D - a wand of digging (6)
 F - a wand of polymorph (13)
 H - a wand of paralysis (11)
 N - a wand of flame (8)
 P - a wand of random effects (24)
Scrolls
 d - 11 scrolls of remove curse
 t - 2 scrolls of fog
 u - 3 scrolls of teleportation
 A - 2 scrolls of magic mapping
 G - a scroll of enchant weapon
 K - a scroll of enchant armour
Potions
 e - 5 potions of lignification
 f - a potion of curing
 k - a potion of brilliance {unknown}
 l - 2 potions of flight {unknown}
 m - 2 potions of magic
 n - 4 potions of haste
 p - 2 potions of heal wounds {unknown}
 q - a potion of agility
 s - a potion of ambrosia
 v - a potion of mutation {unknown}
 z - 2 potions of might
 B - a potion of invisibility {unknown}
 E - a potion of berserk rage
 L - a potion of resistance
Comestibles
 c - 17 rations


   Skills:
 + Level 10.6 Fighting
 * Level 19.6 Axes
 + Level 8.6 Armour
 - Level 2.1 Dodging


You had 11 spell levels left.
You didn't know any spells.
Your spell library contained the following spells:

 Spells                   Type           Power        Failure   Level  Hunger
 Corona                   Hex            #......      50%         1    ##.....
 Magic Dart               Conj           #...         50%         1    ##.....
 Shock                    Conj/Air       #...         50%         1    ##.....
 Blink                    Tloc           N/A          65%         2    ###....
 Call Imp                 Summ           #.......     65%         2    ###....
 Ensorcelled Hibernation  Hex/Ice        #.....       65%         2    ###....
 Slow                     Hex            #.......     65%         2    ###....
 Swiftness                Chrm/Air       #.......     65%         2    ###....
 Confuse                  Hex            #.......     86%         3    ####...
 Conjure Flame            Conj/Fire      #.......     86%         3    ####...
 Dazzling Spray           Conj/Hex       #.....       86%         3    ####...
 Mephitic Cloud           Conj/Pois/Air  #.......     86%         3    ####...
 Static Discharge         Conj/Air       #.......     86%         3    ####...
 Tukima's Dance           Hex            #.......     86%         3    ####...
 Airstrike                Air            #.........   99%         4    #####..
 Lightning Bolt           Conj/Air       #.........   100%        5    ######.


Dungeon Overview and Level Annotations

Branches:
Dungeon (11/15)            Temple (0/1) D:4            Lair (3/6) D:9
    Orc (0/2) D:11
  Swamp: Lair:2-4    Shoals: Lair:2-4     Snake: Lair:2-4    Spider: Lair:2-4

Altars:
Ashenzari
Dithmenos
Kikubaaqudgha
Makhleb
Nemelex Xobeh
Okawaru
Qazlal
Vehumet
Xom

Shops:
D:10 (   D:11 [


Innate Abilities, Weirdness & Mutations

You reflexively headbutt those who attack you in melee.
You have a pair of horns on your head.


Message History

You feel sick.
You kill the yak!
Trog accepts your kill.
You hit the yak but do no damage.
The yak is poisoned.
You feel sick. The yak gores you!
* * * LOW HITPOINT WARNING * * *
You hit the yak.
The yak looks as sick as possible!
Your headbutt misses the yak.
The yak is lightly wounded.
The yak gores you!
* * * LOW HITPOINT WARNING * * *
You barely miss the yak. Your headbutt misses the yak.
The yak is lightly wounded.
You feel sick. The yak gores you!
* * * LOW HITPOINT WARNING * * *
A red film seems to cover your vision as you go berserk!
You feel yourself moving faster!
You feel mighty!
You are near starving!
The yak gores you!
You die...

#######
######.#.#.###
#.<..........#
#...##P#.##.##
#..########.#
##.# #.# #.#
##.## ##### ...
..##..@##......
...
.......†Y..#
.P.#
.#..####.....#
.... #......#
.##. #........
# ##...#..#
...# P# ...# #
#..#


You could see a yak.

Vanquished Creatures
  Erica (Lair:1)
  A two-headed ogre (D:8)
  Nergalle (Lair:1)
  2 unseen horrors (D:10)
  An ugly thing (D:11)
  A centaur zombie (D:11)
  A torpor snail (Lair:2)
  A black mamba (Lair:2)
  A gargoyle (D:11)
  2 spiny frogs (Lair:1)
  4 centaur skeletons
  7 komodo dragons
  2 tyrant leeches (Lair:2)
  3 polar bears (D:10)
  4 blink frogs
  A hippogriff (Lair:2)
  A spriggan (D:8)
  2 wyverns
  11 yaks
  3 basilisks
  A steam dragon (D:7)
  A hungry ghost (D:10)
  3 swamp worms (Lair:2)
  A soldier ant (D:11)
  3 water moccasins
  6 porcupines
  2 black bears (D:7)
  3 ice beasts
  3 sky beasts
  5 orc warriors
  2 phantoms
  5 wolves
  6 ogres
  A necrophage (D:8)
  5 centaurs
  4 crocodiles
  13 bullfrogs
  10 scorpions
  12 killer bees
  3 spriggan skeletons (D:10)
  A troll skeleton (D:10)
  A howler monkey (D:8)
  7 electric eels (D:10)
  2 crimson imps
  2 quasits
  2 bullfrog zombies
  A jelly (D:5)
  7 hounds
  5 bullfrog skeletons
  5 orc priests
  7 orc wizards
  Natasha (thrice) (D:3)
  An iguana (D:6)
  8 worker ants
  3 hound skeletons
  A killer bee simulacrum (D:10)
  5 gnolls
  16 adders
  3 shadow imps
  3 white imps (D:10)
  3 ufetubi (D:10)
  5 oozes
  3 adder skeletons
  An adder zombie (D:6)
  2 worms
  A dart slug (D:1)
  3 leopard geckos
  43 orcs
  5 giant cockroaches
  5 goblins
  7 hobgoblins
  9 jackals
  3 kobolds
  2 quokkas
  2 ball pythons
  14 bats
  6 frilled lizards
  A giant cockroach zombie (D:5)
  A quokka skeleton (D:8)
  5 rats
  A fungus (Lair:2)
344 creatures vanquished.

Vanquished Creatures (others)
  2 fungi (Lair:2)
  5 plants
7 creatures vanquished.

Grand Total: 351 creatures vanquished

Notes
Turn   | Place    | Note
-------+----------+-------------------------------------------
     0 | D:1      | Froggeryz the Minotaur Berserker began the quest for the
                  | Orb.
     0 | D:1      | Reached XP level 1. HP: 19/19 MP: 0/0
    62 | D:1      | Reached skill level 4 in Axes
    62 | D:1      | Reached XP level 2. HP: 16/26 MP: 1/1
   376 | D:1      | Reached skill level 5 in Axes
   526 | D:1      | Reached XP level 3. HP: 29/31 MP: 0/2
  1383 | D:2      | Reached ** piety under Trog
  1420 | D:2      | Reached XP level 4. HP: 35/39 MP: 3/3
  1429 | D:2      | Reached skill level 6 in Axes
  1946 | D:3      | Found a shimmering altar of Xom.
  1953 | D:3      | Found a shimmering altar of Xom.
  1953 | D:3      | Found a shimmering altar of Xom.
  1954 | D:3      | Found a shimmering altar of Xom.
  1955 | D:3      | Found a shimmering altar of Xom.
  1955 | D:3      | Found a shimmering altar of Xom.
  1957 | D:3      | Found a shimmering altar of Xom.
  2278 | D:3      | Reached skill level 7 in Axes
  2278 | D:3      | Reached XP level 5. HP: 27/45 MP: 2/4
  2293 | D:3      | Found an ancient bone altar of Kikubaaqudgha.
  2293 | D:3      | Found an iron altar of Okawaru.
  2293 | D:3      | Noticed Natasha
  2306 | D:3      | HP: 2/45 [Natasha (3)]
  2685 | D:3      | Killed Natasha
  2946 | D:3      | Noticed Natasha
  2953 | D:3      | Killed Natasha
  2993 | D:3      | Noticed Natasha
  2996 | D:3      | Killed Natasha
  2996 | D:3      | Reached skill level 8 in Axes
  3072 | D:4      | Reached XP level 6. HP: 46/51 MP: 3/5
  3100 | D:4      | Found a stormy altar of Qazlal.
  3572 | D:4      | Found a staircase to the Ecumenical Temple.
  3584 | D:4      | Reached skill level 9 in Axes
  3884 | D:5      | Entered Level 5 of the Dungeon
  3972 | D:5      | Found a radiant altar of Vehumet.
  4044 | D:5      | Reached XP level 7. HP: 42/57 MP: 4/6
  4055 | D:5      | Reached skill level 10 in Axes
  4310 | D:5      | Found a sparkling altar of Nemelex Xobeh.
  4322 | D:5      | You fall into a shaft and drop 3 floors!
  4334 | D:8      | Reached *** piety under Trog
  4423 | D:8      | Noticed a spriggan baker
  4432 | D:8      | Killed a spriggan baker
  4432 | D:8      | Reached skill level 11 in Axes
  4432 | D:8      | Reached XP level 8. HP: 64/64 MP: 4/7
  4559 | D:8      | Noticed a two-headed ogre
  4568 | D:8      | Killed a two-headed ogre
  4568 | D:8      | Reached skill level 13 in Axes
  4753 | D:8      | Found a burning altar of Makhleb.
  4858 | D:7      | Reached XP level 9. HP: 56/69 MP: 6/8
  4877 | D:7      | Reached skill level 14 in Axes
  5200 | D:7      | Reached skill level 15 in Axes
  5251 | D:7      | Reached **** piety under Trog
  5801 | D:6      | Found a shadowy altar of Dithmenos.
  5827 | D:6      | Reached skill level 16 in Axes
  6291 | D:5      | Reached XP level 10. HP: 75/76 MP: 9/9
  6562 | D:9      | Found a staircase to the Lair.
  6648 | D:9      | HP: 3/76 [scorpion (6)]
  7106 | D:9      | Found a shattered altar of Ashenzari.
  7348 | D:10     | Entered Level 10 of the Dungeon
  7357 | D:10     | Reached skill level 17 in Axes
  7475 | D:10     | Killed an unseen horror
  7475 | D:10     | Reached ***** piety under Trog
  7478 | D:10     | HP: 3/115 [white imp/puff of frost (8)]
  7697 | D:10     | Reached skill level 18 in Axes
  8145 | D:10     | Found Ecul's Antique Weapon Emporium.
  8486 | D:10     | Reached XP level 11. HP: 85/85 MP: 10/10
  8513 | D:10     | Reached skill level 5 in Fighting
  8990 | D:10     | HP: 4/89 [something (4)]
  8991 | D:10     | HP: 1/89 [something (4)]
  9140 | D:10     | Killed an unseen horror
  9293 | D:11     | Found Daqasineli's Antique Armour Shop.
  9498 | D:11     | Found a staircase to the Orcish Mines.
  9594 | D:11     | Reached skill level 5 in Armour
  9876 | D:11     | Noticed a red ugly thing
  9880 | D:11     | Killed a red ugly thing
  9880 | D:11     | Received a gift from Trog
 10135 | Lair:1   | Entered Level 1 of the Lair of Beasts
 10341 | Lair:1   | Noticed Nergalle
 10828 | Lair:1   | Reached XP level 12. HP: 106/106 MP: 11/11
 10832 | Lair:1   | Killed Nergalle
 10832 | Lair:1   | Reached skill level 19 in Axes
 10859 | Lair:1   | Reached skill level 10 in Fighting
 11176 | Lair:1   | Noticed Erica
 11215 | Lair:1   | Killed Erica
 12189 | Lair:3   | HP: 5/108 [yak (5)]
 12190 | Lair:3   | Slain by a yak

Levels and vault maps discovered:
D:1:      psy_arrival_conway, layout_loops_cross
D:2:      layout_basic
D:3:      layout_basic, chequers_temple_overflow_statue_of_worship,
          xom_redecorated, uniq_natasha
D:4:      wad_river_or_something, layout_basic, grunt_qazlal_sundering,
          temple_green, first_ration, minmay_crystal_room, item_on_display_a
D:5:      layout_loops_ring, lemuel_doored_altar, basic_altar, enter_ossuary_5
D:6:      layout_basic, nicolae_dithmenos_shadow_blocks
D:7:      layout_loops_cross, minivault_11
D:8:      layout_rooms, makhleb_blood_cavern_becter, the_bakery
D:9:      old_forge, layout_irregular_city, overflow_temple_1_default,
          lair_entry_dummy
D:10:     layout_basic, serial_ice, serial_ice_n, serial_ice_m, serial_ice_f,
          serial_ice_o, serial_ice_c, serial_ice_d, serial_ice_e, serial_shops,
          shop, hangedman_tell_no_tales
D:11:     layout_roguey, orc_0_dummy, serial_shops, nicolae_shop_trees,
          eino_house_with_fridge
Lair:1:   layout_layer_cave, uniq_nergalle, uniq_erica
Lair:2:   layout_chaotic_city, worms_lemuel
Lair:3:   minmay_lair_venomous_thicket, layout_loops_ring,
          nicolae_swamp_entry_splash_gauntlet, grunt_megastairs_5,
          serial_bayou_shore_b, minmay_lair_oklob_chamber, serial_bayou_shore_b,
          infiniplex_staircase_pool_2, uniq_snorg

Skill      XL: |  1  2  3  4  5  6  7  8  9 10 11 12 |
---------------+-------------------------------------+-----
Axes           | 4 5 7 8 9 11 13 16 18 19 | 19.6
Fighting       | 4 9 10 | 10.6
Armour         | 3 7 8 |  8.6
Dodging        | |  2.1

Action                   |  1- 3 |  4- 6 |  7- 9 | 10-12 || total
-------------------------+-------+-------+-------+-------++-------
Melee: Hand axe          |    68 |    77 |       |       ||   145
       Headbutt          |    11 |    26 |    45 |   114 ||   196
       Flail             |       |    46 |    75 |       ||   121
       War axe           |       |       |   136 |   315 ||   451
       Battleaxe         |       |       |       |   171 ||   171
Throw: Boomerang         |       |       |     2 |     4 ||     6
Invok: Berserk           |     1 |       |     2 |    12 ||    15
       Trog's Hand       |       |       |       |     1 ||     1
Evoke: Wand              |       |       |       |    15 ||    15
  Use: Scroll            |     8 |     3 |       |    15 ||    26
       Potion            |       |     4 |       |     2 ||     6
 Stab: Sleeping          |       |     1 |     3 |     2 ||     6
       Distracted        |       |       |       |     2 ||     2
  Eat: Chunk             |     3 |     4 |     9 |    20 ||    36
       Ration            |       |     1 |       |     3 ||     4
Armor: Animal skin       |     7 |    18 |    42 |    63 ||   130
Dodge: Dodged            |    31 |    83 |    89 |   205 ||   408

Table legend:
 A = Non-vault XP
 B = Vault XP
 C = Vault XP percentage of total XP
 D = Non-vault monster count
 E = Vault monster count
 F = Vault count percentage of total count
                 A         B        C        D         E       F
            +---------+---------+-------+---------+---------+-------
      Total |   21860 |    7227 |  24.8 |     287 |      56 |  16.3
            +---------+---------+-------+---------+---------+-------
        D:1 |      60 |       0 |   0.0 |      25 |       0 |   0.0
        D:2 |      47 |       0 |   0.0 |      18 |       0 |   0.0
        D:3 |     218 |      35 |  13.8 |      21 |       1 |   4.5
        D:4 |     137 |      94 |  40.7 |      10 |       6 |  37.5
        D:5 |     445 |       0 |   0.0 |      14 |       0 |   0.0
        D:6 |    1372 |       0 |   0.0 |      21 |       0 |   0.0
        D:7 |    1381 |       0 |   0.0 |      32 |       0 |   0.0
        D:8 |    1380 |     372 |  21.2 |      13 |       3 |  18.8
        D:9 |     532 |     612 |  53.5 |       8 |      16 |  66.7
       D:10 |    3341 |    2825 |  45.8 |      39 |      22 |  36.1
       D:11 |    3825 |       0 |   0.0 |      42 |       0 |   0.0
     Lair:1 |    3118 |    1762 |  36.1 |      14 |       2 |  12.5
     Lair:2 |    4747 |    1527 |  24.3 |      23 |       6 |  20.7
     Lair:3 |    1257 |       0 |   0.0 |       7 |       0 |   0.0
            +---------+---------+-------+---------+---------+-------
